 Dungeon Crawl Stone Soup version 0.24.0-125-gc4c63601f3 (webtiles) character file.

Game seed: 12821785491996048129, levelgen mode: deterministic

1696 FluffierThanThou the Skirmisher (level 8, -1/65 HPs)
             Began as a Demonspawn Fighter on Mar 10, 2020.
             Was an Initiate of Okawaru.
             Succumbed to an orc wizard's poison
             ... on level 7 of the Dungeon.
             The game lasted 00:14:43 (4870 turns).

FluffierThanThou the Skirmisher (DsFi)              Turns: 4870, Time: 00:14:44

Health: -1/65      AC:  9    Str: 18    XL:     8   Next: 72%
Magic:  2/8        EV:  8    Int: 11    God:    Okawaru [......]
Gold:   320        SH: 12    Dex: 12    Spells: 7/7 levels left

rFire    + . .     SeeInvis .   a - +0 war axe
rCold    . . .     Gourm    .   c - +0 shield
rNeg     . . .     Faith    .   j - +2 ring mail {rF+}
rPois    .         Spirit   +   m - +0 helmet
rElec    .         Reflect  +   C - scarf {Spirit}
rCorr    .         Harm     .   (no gloves)
MR       .....                  (no boots)
Stlth    +.........             n - +2 amulet of reflection
HPRegen  0.20/turn              (no ring)
MPRegen  0.11/turn              (no ring)

@: lethally poisoned (-1 -> -28)
A: foul stench 1, powered by death 2, rot immunity
a: Renounce Religion


You were on level 7 of the Dungeon.
You worshipped Okawaru.
Okawaru was noncommittal.
You were very hungry.

You visited 2 branches of the dungeon, and saw 8 of its levels.

You collected 320 gold pieces.

Inventory:

Hand Weapons
 a - a +0 war axe (weapon)
 D - a +0 war axe of holy wrath
   (You found it on level 6 of the Dungeon)
Armour
 b - a +0 scale mail
 c - a +0 shield (worn)
 j - a +2 ring mail of fire resistance (worn)
   (You found it on level 1 of the Dungeon)
 m - a +0 helmet (worn)
   (You found it on level 2 of the Dungeon)
 v - a +0 cloak
   (You found it on level 3 of the Dungeon)
 C - a scarf of spirit shield (worn)
   (You found it on level 6 of the Dungeon)
Jewellery
 n - a +2 amulet of reflection (around neck)
   (You found it on level 2 of the Dungeon)
 t - an uncursed amulet of the gourmand
   (You found it on level 3 of the Dungeon)
 A - a cursed ring of teleportation {unknown}
   (You found it on level 6 of the Dungeon)
Scrolls
 f - a scroll of magic mapping {unknown}
 k - a scroll of enchant armour
 l - a scroll of fog
 r - 7 scrolls of blinking
 s - 2 scrolls of enchant weapon
 u - a scroll of immolation {unknown}
 w - 6 scrolls of teleportation {@r4}
 x - a scroll of remove curse {unknown}
 y - 2 scrolls of identify {@r1}
Potions
 d - 2 potions of might
 g - a potion of ambrosia {unknown}
 h - 4 potions of curing {@q1}
 i - 2 potions of magic {unknown}
 o - a potion of lignification {unknown}
 q - a potion of flight
 z - a potion of brilliance
 B - a potion of haste {unknown}
Comestibles
 e - 13 rations {!d}


   Skills:
 + Level 6.3 Fighting
 + Level 5.3 Axes
 + Level 5.7 Armour
 + Level 5.7 Shields


You had 7 spell levels left.
You didn't know any spells.
Your spell library contained the following spells:

 Spells                   Type           Power        Failure   Level  Hunger
 Magic Dart               Conj           #...         89%         1    ##.....
 Searing Ray              Conj           #.....       96%         2    ###....
 Dazzling Spray           Conj/Hex       #.....       99%         3    ####...
 Force Lance              Conj/Tloc      #.......     100%        4    #####..
 Fulminant Prism          Conj/Hex       #.........   100%        4    #####..
 Iskenderun's Mystic Bla  Conj           #.......     100%        4    #####..


Dungeon Overview and Level Annotations

Branches:
Dungeon (7/15)             Temple (1/1) D:6

Altars:
Ashenzari
Dithmenos
Elyvilon
Fedhas
Gozag
Hepliaklqana
Kikubaaqudgha
Makhleb
Nemelex Xobeh
Okawaru
Qazlal
Ru
Sif Muna
Uskayaw
Wu Jian
Xom
Yredelemnul
Zin
The Shining One

Shops:
D:5 :

Annotations:
D:2 exclusion: oklob plant


Innate Abilities, Weirdness & Mutations

You may emit foul miasma when damaged in melee.
You regenerate health from kills.
You are immune to rotting.


Message History

You feel very sick.
The orc wizard hits you but does no damage.
You are more poisoned.
You block the orc warrior's attack. You block the orc's attack.
The orc wizard hits you but does no damage.
You are more poisoned.
You barely miss the orc. You hit the orc warrior.
You closely miss the orc wizard.
You feel very sick. The orc wizard barely misses you.
You block the orc warrior's attack. The orc closely misses you.
The orc wizard hits you but does no damage.
The orc warrior hits you with a +0 short sword!
* * * LOW HITPOINT WARNING * * *
The orc hits you but does no damage.
You are too injured to fight recklessly!
You are too injured to fight recklessly!
You are too injured to fight recklessly!
You are too injured to fight recklessly!
You closely miss the orc wizard. You barely miss the orc.
Your shield and ring mail prevent you from hitting the orc warrior.
* * * LOW HITPOINT WARNING * * *
You feel very sick.
You block the orc wizard's attack. x2; You block the orc warrior's attack.
The orc hits you but does no damage.
The orc looks sick.
You hit the orc wizard.
Your shield and ring mail prevent you from hitting the orc warrior.
You closely miss the orc.
* * * LOW HITPOINT WARNING * * *
You feel sick.
The orc wizard hits you but does no damage.
You are more poisoned.
The orc warrior hits you with a +0 short sword!
* * * LOW HITPOINT WARNING * * *
The orc wizard casts a spell at you. The puff of flame hits you. You resist.
* * * LOW HITPOINT WARNING * * *
The orc closely misses you.
You slash the orc wizard!
You kill the orc wizard!
Okawaru accepts your kill.
You hit the orc warrior. You closely miss the orc.
* * * LOW HITPOINT WARNING * * *
You feel very sick. You block the orc warrior's attack.
You block the orc's attack.
* * * LOW HITPOINT WARNING * * *
You feel sick.
Things that are here:
a +0 dagger of venom; a +0 robe; an orc corpse You die...

#.# ...
#.# #.#
#.#
#.######
#......#
#@####
#).$.#
#o##.#
#o.......
####.....
###.


You could see an orc warrior and an orc.

Vanquished Creatures
  Menkaure (D:6)
  An ice beast (D:6)
  A phantom (D:6)
  3 orc warriors
  An ogre (D:5)
  A centaur (D:5)
  A bullfrog (D:6)
  3 scorpions
  A bullfrog zombie (D:5)
  A centaur zombie (D:5)
  3 centaur skeletons
  2 orc priests (D:6)
  A hound (D:4)
  A jelly (D:5)
  7 orc wizards
  4 worker ants
  3 gnolls (D:5)
  6 adders
  2 oozes
  An adder skeleton (D:4)
  2 dart slugs
  2 leopard geckos
  27 orcs
  4 bats
  8 giant cockroaches
  5 goblins
  3 hobgoblins
  11 jackals
  9 kobolds
  2 quokkas
  3 ball pythons
  2 frilled lizards
  10 rats
132 creatures vanquished.

Vanquished Creatures (others)
  An orc wizard (D:6)
1 creature vanquished.

Grand Total: 133 creatures vanquished

Notes
Turn   | Place    | Note
-------+----------+-------------------------------------------
     0 | D:1      | FluffierThanThou the Demonspawn Fighter began the quest for
                  | the Orb.
     0 | D:1      | Reached XP level 1. HP: 18/18 MP: 1/1
   126 | D:1      | Gained mutation: You regenerate a little health from kills.
                  | [demonic ancestry]
   126 | D:1      | Reached XP level 2. HP: 24/24 MP: 2/2
   589 | D:2      | Found a shimmering blue altar of Sif Muna.
   693 | D:2      | Gained mutation: You regenerate health from kills. [demonic
                  | ancestry]
   693 | D:2      | Reached XP level 3. HP: 29/29 MP: 3/3
   697 | D:2      | Found a hazy altar of Hepliaklqana.
   769 | D:2      | Found a blossoming altar of Fedhas.
   791 | D:2      | Noticed an oklob plant
  1195 | D:3      | Reached XP level 4. HP: 35/35 MP: 4/4
  1675 | D:3      | Gained mutation: You are immune to rotting. [demonic
                  | ancestry]
  1675 | D:3      | Reached XP level 5. HP: 42/42 MP: 5/5
  2060 | D:4      | Found a glowing silver altar of Zin.
  2141 | D:4      | Reached skill level 4 in Fighting
  2216 | D:4      | Found a stormy altar of Qazlal.
  2231 | D:4      | Gained mutation: You may emit foul miasma when damaged in
                  | melee. [demonic ancestry]
  2231 | D:4      | Reached XP level 6. HP: 48/48 MP: 6/6
  2499 | D:4      | Noticed an orc warrior
  2513 | D:4      | Killed an orc warrior
  2531 | D:4      | Found a sacrificial altar of Ru.
  2822 | D:5      | Entered Level 5 of the Dungeon
  2865 | D:5      | Found Lyadaox's Book Shop.
  2996 | D:5      | Reached XP level 7. HP: 38/55 MP: 7/7
  3043 | D:5      | Reached skill level 5 in Fighting
  3521 | D:6      | Reached skill level 5 in Armour
  3521 | D:6      | Reached skill level 5 in Shields
  3521 | D:6      | Reached XP level 8. HP: 56/63 MP: 8/8
  3862 | D:6      | Noticed Menkaure
  3913 | D:6      | Killed Menkaure
  3913 | D:6      | Reached skill level 6 in Fighting
  3913 | D:6      | Reached skill level 5 in Axes
  4568 | D:6      | Found a staircase to the Ecumenical Temple.
  4577 | Temple   | Entered the Ecumenical Temple
  4645 | Temple   | Became a worshipper of Warmaster Okawaru
  4869 | D:7      | HP: 2/65 [poisoned by an orc wizard]
  4870 | D:7      | Succumbed to an orc wizard's poison

Levels and vault maps discovered:
D:1:      wander_arrival_lonely_grave, layout_basic, minivault_24
D:2:      layout_basic, marbit_many_paths, nicolae_overflow_hidden_temple,
          tgw_fedhas, kennysheep_generic_room_8
D:3:      layout_loops_ring, portal_sewer_entry_d, first_ration,
          nrook_loot_triangle
D:4:      layout_loops_ring, old_standard_altar, old_standard_altar,
          old_standard_altar
D:5:      layout_loops_ring, serial_shops, shop
D:6:      layout_basic, minmay_temple_entry_statues_fountains, uniq_menkaure
D:7:      layout_loops_cross, grunt_ogre_cave
Temple:   oiseaux_autumnal_temple

Skill      XL: |  1  2  3  4  5  6  7  8 |
---------------+-------------------------+-----
Axes           | 2 3 4 5 |  5.3
Armour         | 3 4 5 |  5.7
Shields        | 3 4 5 |  5.7
Fighting       | 4 5 6 |  6.3

Action                   |  1- 3 |  4- 6 |  7- 9 || total
-------------------------+-------+-------+-------++-------
Melee: War axe           |    96 |   197 |   201 ||   494
  Use: Scroll            |       |    14 |       ||    14
       Potion            |       |       |     4 ||     4
  Eat: Ration            |     1 |       |       ||     1
       Chunk             |       |     4 |     5 ||     9
Armor: Scale mail        |     9 |       |       ||     9
       Ring mail         |    39 |    95 |    66 ||   200
Dodge: Dodged            |    38 |    77 |    70 ||   185
Block: Shield            |    57 |   122 |   137 ||   316
       Reflection        |     1 |     2 |     1 ||     4
